 Dungeon Crawl Stone Soup version 0.15-a0-1363-g87d8b17 (webtiles) character file.

51 Quh the Magician (level 3, 0/24 HPs)
             Began as a Demonspawn Wizard on June 9, 2014.
             Slain by a rat (1 damage)
             ... on Level 3 of the Dungeon.
             The game lasted 00:08:51 (1697 turns).

Quh the Magician (Demonspawn Wizard)                Turns: 1697, Time: 00:08:52

HP   0/24        AC  6     Str  7      XL: 3   Next: 58%
MP   2/8         EV 14     Int 20      God:
Gold 131         SH  0     Dex 11      Spells:  4 memorised,  1 level left

rFire  . . .     SeeInvis .     i - +2,+0 mace
rCold  . . .     Clarity  .     a - +0 robe
rNeg   . . .     rCorr    .     (no shield)
rPois  .         rRot     .     b - +0 hat
rElec  .         Spirit   .     (no cloak)
SustAb .         Warding  .     n - +0 pair of gloves
rMut   +         Stasis   .     (no boots)
Gourm  .                        e - amulet of resist mutation
MR     .....                    (no ring)
                                t - +3 ring of protection

@: very slightly contaminated, not resistant to hostile enchantments, unstealthy
A: repulsion field 1, spiny 1
a: no special abilities


You were on level 3 of the Dungeon.
You were hungry.

You visited 1 branch of the dungeon, and saw 3 of its levels.

You collected 131 gold pieces.

Inventory:

Hand weapons
 i - a +2,+0 mace (weapon)
 o - a +0,+0 short sword
Missiles
 q - 16 arrows
Armour
 a - a +0 robe (worn)
 b - a +0 hat (worn)
 n - a +0 pair of gloves (worn)
Comestibles
 d - 2 bread rations
 u - a chunk of goblin flesh
Scrolls
 f - a scroll of enchant armour {unknown}
 g - a scroll of enchant weapon II {unknown}
 h - a scroll of remove curse {unknown}
 j - a scroll of magic mapping {unknown}
 l - 3 scrolls of teleportation {unknown}
 r - a scroll of enchant weapon I {unknown}
Jewellery
 e - an amulet of resist mutation (around neck)
 t - a +3 ring of protection (left hand)
Potions
 k - 3 potions of curing {unknown}
 m - a potion of haste {unknown}
 p - 3 potions of heal wounds {unknown}
Books
 c - a book of Minor Magic

   Spells                             Type                      Level
   *Magic Dart                        Conjuration                  1
   *Blink                             Translocation                2
   *Call Imp                          Summoning                    2
   *Repel Missiles                    Charms/Air                   2
   Slow                               Hexes                        2
   Conjure Flame                      Conjuration/Fire             3
   Mephitic Cloud                     Conjuration/Poison/Air       3
 s - a book of Maledictions

   Spells                             Type                      Level
   Corona                             Hexes                        1
   Sure Blade                         Hexes/Charms                 2
   Ensorcelled Hibernation            Hexes/Ice                    2
   Confuse                            Hexes                        3
   Dazzling Spray                     Conjuration/Hexes            3
   Enslavement                        Hexes                        4


   Skills:
 - Level 1.7 Dodging
 - Level 1.7 Stealth
 - Level 3.2 Spellcasting
 * Level 2.6 Conjurations
 * Level 1.4 Summonings
 * Level 1.5 Translocations


You had one spell level left.
You knew the following spells:

 Your Spells              Type           Power        Failure   Level  Hunger
a - Magic Dart            Conj           ##..         6%          1    None
b - Blink                 Tloc           N/A          14%         2    ##.....
c - Call Imp              Summ           #.......     14%         2    ##.....
d - Repel Missiles        Chrm/Air       #.....       24%         2    ##.....


Dungeon Overview and Level Annotations

Branches:
Dungeon (3/15)

Altars:
The Shining One


Innate Abilities, Weirdness & Mutations

You are surrounded by a mild repulsion field (EV +2).
You are partially covered in sharp spines.


Message History

The orc wizard gestures at you while chanting.
The puff of flame misses you.
Your crimson imp is smitten.
Your crimson imp dies!
The orc wizard casts a spell at you. The puff of frost hits you!
Found a stone staircase leading up.
The orc wizard casts a spell at you. The puff of flame hits you!
* * * LOW HITPOINT WARNING * * *
Unknown command.
Unknown command.
Drink which item? (? for menu, Esc to quit)
Okay, then.
Casting: Call Imp
Confirm with . or Enter, or press ? or * to list all spells.
You blink.
An orc priest comes into view. It is wielding a flail.
The rat bites you.
You die...

#.......%......#
#..............#
#..............#
#.....o........#
###..............#
..................#
...........o.......#
...........r.......#
..........@o.......#
...............>....#
....................#
........)...........#
....................#
.#####..<....ยง......#
#..####..####### #..
#..# #.. #..#


You could see an orc priest, an orc wizard, an orc and a rat.

Vanquished Creatures
  3 giant geckos
  An orc (D:3)
  A ball python (D:1)
  3 giant cockroaches
  8 hobgoblins
  5 bats
  2 giant newts (D:2)
  6 goblins
  7 kobolds
  A quokka (D:2)
  8 rats
45 creatures vanquished.

Vanquished Creatures (collateral kills)
  A goblin (D:3)
1 creature vanquished.

Vanquished Creatures (others)
  A crimson imp (D:3)
  A white imp (D:3)
2 creatures vanquished.

Grand Total: 48 creatures vanquished

Notes
Turn   | Place    | Note
--------------------------------------------------------------
     0 | D:1      | Quh, the Demonspawn Wizard, began the quest for the Orb.
     0 | D:1      | Reached XP level 1. HP: 13/13 MP: 4/4
   207 | D:1      | Gained mutation: You are surrounded by a mild repulsion field (EV +2). [demonic ancestry]
   207 | D:1      | Reached XP level 2. HP: 19/19 MP: 3/6
   617 | D:1      | Learned a level 2 spell: Blink
   620 | D:1      | Learned a level 2 spell: Call Imp
   623 | D:1      | Learned a level 2 spell: Repel Missiles
   667 | D:1      | Reached skill level 1 in Translocations
  1016 | D:2      | Gained mutation: You are partially covered in sharp spines. [demonic ancestry]
  1016 | D:2      | Reached XP level 3. HP: 22/24 MP: 6/8
  1068 | D:2      | Found a glowing golden altar of the Shining One.
  1693 | D:3      | HP: 1/24 [orc wizard/puff of flame (9)]
  1697 | D:3      | Slain by a rat

Action                   || total
-------------------------++-------
Melee: Mace              ||    22
 Cast: Magic Dart        ||    79
       Call Imp          ||     5
       Blink             ||     1
